 Dungeon Crawl Stone Soup version 0.17.2-1-ge4368a0 (webtiles) character file.

314 tidbits the Scratcher (level 6, 25/25 HPs)
             Began as a Felid Chaos Knight on Sept 15, 2017.
             Quit the game on level 5 of the Dungeon.
             The game lasted 00:17:57 (2083 turns).

tidbits the Scratcher (Felid Chaos Knight)          Turns: 2083, Time: 00:17:58

Health: 25/25      AC:  4    Str: 11    XL:     6   Next: 19%
Magic:  7/7        EV: 21    Int: 15    God:    Xom [....*.]
Gold:   175        SH:  0    Dex: 17    Spells: 0 memorised, 5 levels left
                                        Lives:  1   Deaths: 1

rFire  . . .     SeeInvis +       - Unarmed
rCold  . . .     Clarity  .     (armour unavailable)
rNeg   . . .     SustAt   .     (shield unavailable)
rPois  .         Gourm    .     (helmet unavailable)
rElec  .         Spirit   .     (cloak unavailable)
rCorr  .         Warding  .     (gloves unavailable)
rMut   .         Stasis   .     (boots unavailable)
MR     .....                    (no amulet)
Stlth  ++++......               (no ring)
                                s - ring of see invisible

@: quick, not resistant to hostile enchantments, stealthy
A: no armour, no weapons or thrown items, claws 1, fangs 3, horns 1, yellow
scales 1, see invisible, carnivore 3, clever 1, speed 1, frail 1, shaggy fur 2,
slow metabolism 1, strong 1, sharp paws
a: Renounce Religion


You were on level 5 of the Dungeon.
You worshipped Xom.
You were a beloved toy of Xom.
You were not hungry.

You visited 1 branch of the dungeon, and saw 5 of its levels.
You also visited: Sewer and Ossuary.

You collected 175 gold pieces.

Inventory:

Missiles
 o - 10 arrows of flame
Jewellery
 s - a ring of see invisible (left paw)
   (You found it on level 4 of the Dungeon)
Wands
 b - a wand of teleportation (3)
   (You found it in a sewer)
Scrolls
 c - a scroll of recharging {unknown}
 f - a scroll of teleportation
 h - 5 scrolls of remove curse
 k - a scroll of enchant armour {unknown}
 l - 3 scrolls of random uselessness
 n - a scroll of immolation {unknown}
 q - a scroll of noise {unknown}
Potions
 d - 2 potions of brilliance
 e - a potion of magic
 g - a potion of cure mutation
 i - a potion of resistance
 m - 2 potions of lignification
 r - a potion of heal wounds {unknown}
 t - a potion of might {unknown}
Comestibles
 a - 2 meat rations
 j - a slice of pizza


   Skills:
 - Level 3.0 Fighting
 + Level 5.4 Dodging
 - Level 5.0 Stealth
 * Level 6.6 Unarmed Combat


You had 5 spell levels left.
You didn't know any spells.

Dungeon Overview and Level Annotations

Branches:
Dungeon (5/15)
 Temple: D:4-7

Altars:
Qazlal
Vehumet
Xom

Annotations:
D:5 tidbits's ghost, weakling FeCK


Innate Abilities, Weirdness & Mutations

You cannot wear armour.
You are incapable of wielding weapons or throwing items.
You have sharp claws.
You have razor-sharp teeth.
You have supernaturally acute eyesight.
You are carnivorous and can eat meat at any time.
You cover ground quickly.
You are covered in thick fur (AC +2).
You have a slow metabolism.
Your sharp claws are effective at attacking unaware monsters.
You have a pair of small horns on your head.
You are partially covered in yellow scales (AC +2).
Your mind is acute. (Int +2)
You are frail (-10% HP).
Your muscles are strong. (Str +2)


Message History

You pummel the ogre!!
You kill the ogre!
You have reached level 7!
Extra life!
What do you say? t - Creak!
Orders for allies: a - Attack new target. r - Retreat! s - Stop attacking. w - Wait here. f - Follow me.
Anything else - Stay silent.
You creak for attention!
What do you say? t - Creak!
Orders for allies: a - Attack new target. r - Retreat! s - Stop attacking. w - Wait here. f - Follow me.
Anything else - Stay silent.
You creak for attention!
What do you say? t - Creak!
Orders for allies: a - Attack new target. r - Retreat! s - Stop attacking. w - Wait here. f - Follow me.
Anything else - Stay silent.
You creak for attention!
Wield which item (- for none, * to show all)? (? for menu, Esc to quit)
Okay, then.
Read which item? (? for menu, Esc to quit)
As you read the scroll labeled VASIOTAELE, it crumbles to dust.
You feel a strange sense of stasis.
It was a scroll of teleportation.
Drink which item? (? for menu, Esc to quit)
You feel clever.
You feel fantastic!
Drop what? 19/52 slots (_ for help) (? for menu, Esc to quit)
You drop a potion of mutation {!q}.
What do you say? t - Creak!
Orders for allies: a - Attack new target. r - Retreat! s - Stop attacking. w - Wait here. f - Follow me.
Anything else - Stay silent.
You creak for attention!
You swing at nothing.
Wield which item (- for none, * to show all)? (? for menu, Esc to quit)
Okay, then.
You cannot move.
Unknown command.
You cannot move.
Unknown command.
You start resting.
Your transformation is almost over.
You start resting.
You feel less woody.
Found 10 arrows of flame.
You see here 10 arrows of flame.
o - 10 arrows of flame A hound comes into view.
The hound barks!
The hound pauses to sniff the ground.
A shadow imp comes into view.
The hound bites you.
You scratch the hound.
The hound is heavily wounded.
The hound misses you.
You claw the hound!
You kill the hound!
The shadow imp shouts, "Turn tail, thou puny rump-fed yak-dropping!"
Tidbits's ghost (weakling Felid Chaos Knight) comes into view.
The shadow imp gestures at you. Pain shoots through your body!
The shadow imp shouts, "Away with thee, thou frothy onion-eyed lout!"
Drink which item? (? for menu, Esc to quit)
Okay, then.
Read which item? (? for menu, Esc to quit)
Okay, then.
There is a stone staircase leading up here.
You climb upwards.
There is a stone staircase leading down here.
There is a stone staircase leading down here.
You climb downwards.
Level annotation: tidbits's ghost, weakling FeCK
There is a stone staircase leading up here. "Serve the toy, my child!"
Tidbits's ghost hits you!
* * * LOW HITPOINT WARNING * * *
The centaur unwields an uncursed shortbow.
The centaur hits your iron imp but does no damage.
You see here an arrow.
Unknown command.
There is a stone staircase leading up here.
The centaur wields an uncursed shortbow.
The centaur shoots an arrow.
The arrow hits your iron imp! Tidbits's ghost hits you!
You stop ascending the stairs.
You die...
Xom guffaws!
Your iron imp misses tidbits's ghost.
You are now level 6!
You rejoin the land of the living...
Found a scroll labeled PUKAOP TIFFOO.
Found a stone staircase leading down.
Are you sure you want to abandon this character and quit the game? (Confirm with "yes".)

#####
##....##
#@...>.#
#......#
#......#
#.....?#
#......#
.......#
.......#
.#....##


There were no monsters in sight!

Vanquished Creatures
  2 ogres
  A crocodile (Sewer)
  2 centaur zombies (Ossuary)
  An orc wizard (D:4)
  The ghost of tidbits the Scratcher, a weakling FeCK of Makhleb (Ossuary)
  A hound (D:5)
  A worker ant (D:4)
  2 big kobold zombies (Ossuary)
  4 mummies (Ossuary)
  3 adders
  A worm (D:4)
  A giant gecko (D:4)
  4 orcs (D:4)
  10 bats
  A gnoll zombie (Ossuary)
  5 goblins
  4 hobgoblins
  5 kobolds
  A quokka (D:3)
  5 giant cockroaches
  4 giant newts
  A goblin zombie (Ossuary)
  A hobgoblin zombie (Ossuary)
  3 jackals (D:2)
  3 rats
67 creatures vanquished.

Notes
Turn   | Place    | Note
--------------------------------------------------------------
     0 | D:1      | tidbits the Felid Chaos Knight began the quest for the Orb.
     0 | D:1      | Reached XP level 1. HP: 10/10 MP: 2/2
     2 | D:1      | Noticed an octopode
     2 | D:1      | Noticed a troll
     4 | D:1      | Noticed a human
     6 | D:1      | Noticed a ghoul
     6 | D:1      | Noticed a minotaur
     8 | D:1      | Noticed a dwarf
     8 | D:1      | Noticed a felid
    10 | D:1      | Noticed a demonspawn
    10 | D:1      | Noticed a formicid
    12 | D:1      | Noticed a gargoyle
    12 | D:1      | Noticed a demigod
    14 | D:1      | Noticed a naga
    16 | D:1      | Noticed a vampire
    16 | D:1      | Noticed a centaur
    18 | D:1      | Noticed a tengu
    23 | D:1      | Noticed a merfolk
    23 | D:1      | Noticed a spriggan
    25 | D:1      | Noticed an elf
    25 | D:1      | Noticed an ogre
    27 | D:1      | Noticed a vine stalker
    27 | D:1      | Noticed a draconian
    68 | D:1      | Reached skill level 1 in Stealth
    79 | D:1      | Reached skill level 2 in Stealth
   205 | D:3      | Reached XP level 2. HP: 11/14 MP: 3/3
   279 | D:4      | XOM: divination: detect creatures
   334 | D:3      | Found a glowing drain.
   351 | D:3      | Reached skill level 3 in Stealth
   372 | D:3      | Reached XP level 3. HP: 17/17 MP: 4/4
   404 | Sewer    | Entered a sewer
   447 | Sewer    | Noticed a crocodile
   458 | Sewer    | Killed a crocodile
   458 | Sewer    | Reached skill level 4 in Stealth
   458 | Sewer    | Reached skill level 4 in Unarmed Combat
   458 | Sewer    | Reached XP level 4. HP: 21/21 MP: 5/5
   612 | D:4      | Found a sand-covered staircase.
   617 | Ossuary  | Entered an ossuary
   620 | Ossuary  | Noticed tidbits's ghost (weakling FeCK)
   628 | Ossuary  | Killed tidbits's ghost
   628 | Ossuary  | Reached skill level 5 in Stealth
   628 | Ossuary  | Reached XP level 5. HP: 24/24 MP: 6/6
   670 | Ossuary  | XOM: harmless Divn miscast
   767 | Ossuary  | XOM: potion effect (heal wounds)
   901 | Ossuary  | Reached skill level 5 in Unarmed Combat
   975 | Ossuary  | XOM: 2-stop teleportation journey
   978 | Ossuary  | XOM: enchant monster (good)
  1013 | Ossuary  | Reached skill level 4 in Dodging
  1013 | Ossuary  | Gained mutation: You are covered in thick fur (AC +2). [Felid growth]
  1013 | Ossuary  | Reached XP level 6. HP: 18/28 MP: 7/7
  1094 | Ossuary  | Gained mutation: You have a pair of small horns on your head. [potion of beneficial mutation]
  1222 | D:4      | Found a stormy altar of Qazlal.
  1222 | D:4      | Found a radiant altar of Vehumet.
  1402 | D:5      | Entered Level 5 of the Dungeon
  1457 | D:4      | Noticed an ogre
  1791 | D:2      | XOM: scenery: create altars
  1833 | D:2      | XOM: give mutations
  1833 | D:2      | Gained mutation: Your muscles are strong. (Str +2) [Xom's grace]
  1833 | D:2      | Gained mutation: You are resistant to hostile enchantments. [Xom's grace]
  1833 | D:2      | Gained mutation: You are partially covered in yellow scales (AC +2). [Xom's grace]
  1833 | D:2      | Gained mutation: You can spit weak poison. [Xom's grace]
  1858 | D:3      | XOM: give mutations
  1858 | D:3      | Lost mutation: You can spit weak poison. [Xom's mischief]
  1858 | D:3      | Gained mutation: You are frail (-10% HP). [Xom's mischief]
  1858 | D:3      | Lost mutation: You are resistant to hostile enchantments. [Xom's mischief]
  1895 | D:4      | Killed an ogre
  1895 | D:4      | Reached skill level 5 in Dodging
  1895 | D:4      | Reached skill level 6 in Unarmed Combat
  1979 | D:5      | Reached XP level 7. HP: 27/27 MP: 8/8
  1984 | D:5      | Gained mutation: Your mind is acute. (Int +2) [potion of beneficial mutation]
  2048 | D:5      | Noticed tidbits's ghost (weakling FeCK)
  2080 | D:5      | XOM: summons friendly iron imp
  2082 | D:5      | Slain by tidbits's ghost
  2083 | D:5      | Reached XP level 6. HP: -5/25 MP: 7/7
  2083 | D:5      | Quit the game

Action                   |  1- 3 |  4- 6 |  7- 9 || total
-------------------------+-------+-------+-------++-------
Melee: Unarmed           |    43 |   156 |     2 ||   201
  Use: Potion            |     2 |    10 |     1 ||    13
       Scroll            |       |     7 |     1 ||     8
 Stab: Sleeping          |     5 |    13 |       ||    18
       Distracted        |       |     2 |       ||     2
  Eat: Chunk             |     5 |     5 |       ||    10

Table legend:
 A = Turns spent in this place as a percentage of turns spent in the entire game.
 B = Non-inter-level travel turns spent in this place as a percentage of non-inter-level travel turns spent in the entire game.
 C = Inter-level travel turns spent in this place as a percentage of turns spent in this place.
 D = Turns resting spent in this place as a percentage of non-inter-level travel turns spent in this place.
 E = Turns spent auto-exploring this place as a percentage of non-inter-level travel turns spent in this place.
 F = Non-inter-level travel turns spent in this place divided by the number of levels of this place that you've seen.
                   A       B       C       D       E      F
               +-------+-------+-------+-------+-------+----------------------
         Total | 100.0 | 100.0 |   0.1 |   0.2 |   0.0 | 262.6
       Dungeon |  63.1 |  63.1 |   0.2 |   0.3 |   0.0 | 231.8
         Sewer |   5.9 |   5.9 |   0.0 |   0.0 |   0.0 | 108.0
       Ossuary |  31.0 |  31.1 |   0.0 |   0.0 |   0.0 | 571.0
               +-------+-------+-------+-------+-------+----------------------

Table legend:
 A = Kills in this place as a percentage of kills in entire the game.
 B = Kills by you in this place as a percentage of kills by you in the entire game.
 C = Kills by friends in this place as a percentage of kills by friends in the entire game.
 D = Other kills in this place as a percentage of other kills in the entire game.
 E = Experience gained in this place as a percentage of experience gained in the entire game.
 F = Experience gained in this place divided by the number of levels of this place that you have seen.
                   A       B       C       D       E      F
               +-------+-------+-------+-------+-------+----------------------
         Total | 100.0 | 100.0 |  -nan |  -nan | 100.0 | 124.3
       Dungeon |  73.1 |  73.1 |  -nan |  -nan |  55.9 |  97.2
         Sewer |   9.0 |   9.0 |  -nan |  -nan |  13.1 | 114.0
       Ossuary |  17.9 |  17.9 |  -nan |  -nan |  31.0 | 270.0
               +-------+-------+-------+-------+-------+----------------------

Vault maps used:
D:1:      kb_arrival_jail, roderic_hopi_sauvastika
D:2:      elyvilon_altar_1, uniq_jessica
D:3:      gup_sewer_entry_glass, patterned_corridor
D:4:      gammafunk_temple_overflow_wave, first_bread, enter_ossuary_2,
          kennysheep_big_empty_room
D:5:      kiku_gazebo_pond_becter
Sewer:    sewer_big_baddie
Ossuary:  ossuary_crypta
